 Dungeon Crawl Stone Soup version 0.23.2 (webtiles) character file.

Game seed: 2737648689794987547

1087 Ethylacetat the Basher (level 8, -2/76 HPs)
             Began as a Naga Gladiator on Apr 7, 2019.
             Was a Follower of Okawaru.
             Slain by an orc warrior
             ... wielding a +1 dire flail of protection
              (21 damage)
             ... on level 5 of the Dungeon.
             The game lasted 00:14:18 (4527 turns).

Ethylacetat the Basher (Naga Gladiator)             Turns: 4527, Time: 00:14:18

Health: -2/76      AC:  7    Str: 19    XL:     8   Next: 30%
Magic:  8/8        EV: 10    Int:  9    God:    Okawaru [*.....]
Gold:   325        SH:  0    Dex: 12    Spells: 7/7 levels left

rFire    . . .     SeeInvis +   y - +0 morningstar
rCold    . . .     Gourm    .   (no shield)
rNeg     . . .     Faith    .   b - +0 leather armour
rPois    +         Spirit   .   c - +0 helmet
rElec    .         Reflect  .   e - +0 cloak
rCorr    .         Harm     .   g - +0 pair of gloves
MR       +....                  (no barding)
Stlth    +.........             (no amulet)
HPRegen  0.22/turn              u - ring of poison resistance
MPRegen  0.11/turn              (no ring)

@: very slow
A: large, see invisible, deformed body, poison resistance, slowness 2, slow
metabolism 1, spit poison 1, AC +2
a: Spit Poison, Heroism, Renounce Religion


You were on level 5 of the Dungeon.
You worshipped Okawaru.
Okawaru was aware of your devotion.
You were not hungry.

You visited 2 branches of the dungeon, and saw 7 of its levels.

You collected 325 gold pieces.

Inventory:

Hand Weapons
 a - a +0 flail
 y - a +0 morningstar (weapon)
Missiles
 d - 2 throwing nets (quivered)
 x - 11 arrows
Armour
 b - a +0 leather armour (worn)
 c - a +0 helmet (worn)
 e - a +0 cloak (worn)
 g - a +0 pair of gloves (worn)
 h - a +0 large shield
Jewellery
 s - an uncursed ring of protection from magic {unknown}
 u - a ring of poison resistance (left hand)
Wands
 B - a wand of digging (1)
Scrolls
 j - 3 scrolls of immolation {unknown}
 k - 3 scrolls of enchant weapon {unknown}
 l - 3 scrolls of teleportation {unknown}
 n - a scroll of fog {unknown}
 p - 2 scrolls of amnesia {unknown}
 r - 5 scrolls of identify {unknown}
 t - 4 scrolls of remove curse {unknown}
Potions
 i - 4 potions of flight {unknown}
 m - 2 potions of might {unknown}
 o - a potion of haste {unknown}
 q - a potion of lignification {unknown}
 v - 3 potions of curing {unknown}
 w - a potion of degeneration {unknown}
 z - a potion of heal wounds {unknown}
 C - a potion of brilliance {unknown}
Comestibles
 f - 14 rations


   Skills:
 + Level 5.6 Fighting
 * Level 8.3 Maces & Flails
 - Level 1.7 Throwing
 - Level 2.4 Dodging
 + Level 1.2 Invocations


You had 7 spell levels left.
You didn't know any spells.
Your spell library contained the following spells:

 Spells                   Type           Power        Failure   Level  Hunger
 Magic Dart               Conj           #...         43%         1    ##.....
 Searing Ray              Conj           #.....       58%         2    ###....
 Dazzling Spray           Conj/Hex       #.....       82%         3    ####...
 Force Lance              Conj/Tloc      #.......     99%         4    #####..
 Fulminant Prism          Conj/Hex       #.........   99%         4    #####..
 Iskenderun's Mystic Bla  Conj           #.......     99%         4    #####..


Dungeon Overview and Level Annotations

Branches:
Dungeon (6/15)             Temple (1/1) D:5

Altars:
Ashenzari
Cheibriados
Fedhas
Makhleb
Nemelex Xobeh
Okawaru
Uskayaw
Vehumet


Innate Abilities, Weirdness & Mutations

You cannot wear boots.
Your serpentine skin is tough. (AC +2)
You have supernaturally acute eyesight. (SInv)
Armour fits poorly on your strangely shaped body.
Your system is resistant to poisons. (rPois)
You cover ground very slowly.
You have a slow metabolism.
You can spit poison.


Message History

The orc warrior is severely wounded.
The orc barely misses you. The orc warrior barely misses you.
You closely miss the orc warrior.
The orc warrior is severely wounded.
The orc barely misses you.
The orc warrior hits you with a +1 dire flail of protection.
You closely miss the orc warrior.
The orc warrior is severely wounded.
You have got your breath back.
The orc hits you but does no damage.
The orc warrior hits you with a +1 dire flail of protection!
* * * LOW HITPOINT WARNING * * *
Throwing (i - inventory)
d - 3 throwing nets (quivered)
Press: ? - help, Shift-Dir - straight line, f/p - orc warrior
Aim: an orc warrior, wielding a +1 dire flail of protection and wearing a +0 chain mail (severely wounded)
You throw a throwing net.
The throwing net closely misses the orc warrior.
The orc closely misses you.
The orc warrior hits you with a +1 dire flail of protection!!
You die...

#.........###...###..........
#...........#.⌠.#.......##...
#...........#...#......)###..
###...................####.....
#........#..########..# #..##..
###........##...## #..###.#....
...........####.># ##..#.......#
..#.....########o## #)....#.##.##
..............##@o###.....#.#..##
..####.........##................
..# #..........#####........####
..####..........# #......### ##
###.#.###.......# #.....## #.
#.#.## #.......######....######.
##.#.# #.......##...........##..
##.#.####......##.............#..
..####.........#.(..............#


You could see an orc warrior and an orc.

Vanquished Creatures
  2 sky beasts
  2 ogres (D:4)
  2 bullfrogs
  3 scorpions
  2 crimson imps
  3 hounds
  An orc wizard (D:5)
  Jessica (D:2)
  An iguana (D:4)
  3 worker ants
  A worker ant zombie (D:5)
  5 adders
  3 worms
  A dart slug (D:1)
  3 leopard geckos
  11 orcs
  9 bats
  4 giant cockroaches
  12 goblins
  5 hobgoblins
  4 jackals (D:3)
  10 kobolds
  A quokka (D:5)
  A ball python (D:1)
  2 frilled lizards (D:3)
  A jackal zombie (D:5)
  10 rats
103 creatures vanquished.

Notes
Turn   | Place    | Note
-------+----------+-------------------------------------------
     0 | D:1      | Ethylacetat the Naga Gladiator began the quest for the Orb.
     0 | D:1      | Reached XP level 1. HP: 19/19 MP: 1/1
   139 | D:1      | Reached XP level 2. HP: 19/26 MP: 2/2
   733 | D:1      | Reached XP level 3. HP: 32/33 MP: 3/3
  1059 | D:2      | Noticed Jessica
  1063 | D:2      | Killed Jessica
  1063 | D:2      | Reached skill level 4 in Maces & Flails
  1063 | D:2      | Reached XP level 4. HP: 40/40 MP: 4/4
  1568 | D:2      | Found a sparkling altar of Nemelex Xobeh.
  1605 | D:2      | Found a blossoming altar of Fedhas.
  2194 | D:3      | Noticed a sky beast
  2206 | D:3      | Killed a sky beast
  2206 | D:3      | Reached skill level 5 in Maces & Flails
  2206 | D:3      | Reached XP level 5. HP: 49/49 MP: 5/5
  2317 | D:4      | Reached XP level 6. HP: 51/57 MP: 6/6
  2412 | D:4      | Reached skill level 6 in Maces & Flails
  2856 | D:4      | Reached XP level 7. HP: 56/66 MP: 7/7
  3052 | D:4      | Found an iron altar of Okawaru.
  3091 | D:4      | Became a worshipper of Warmaster Okawaru
  3108 | D:5      | Entered Level 5 of the Dungeon
  3133 | D:4      | Reached skill level 7 in Maces & Flails
  3198 | D:5      | Found a staircase to the Ecumenical Temple.
  3232 | D:5      | Found a shattered altar of Ashenzari.
  3252 | Temple   | Entered the Ecumenical Temple
  3309 | D:5      | Reached skill level 5 in Fighting
  3663 | D:5      | Reached XP level 8. HP: 70/74 MP: 8/8
  4085 | D:6      | Reached * piety under Okawaru
  4085 | D:6      | Reached skill level 8 in Maces & Flails
  4305 | D:5      | Reached skill level 1 in Invocations
  4527 | D:5      | Slain by an orc warrior

Skill      XL: |  1  2  3  4  5  6  7  8 |
---------------+-------------------------+-----
Maces & Flails | 4 5 6 7 8 |  8.3
Fighting       | 3 4 5 |  5.6
Invocations    | 1 |  1.2
Throwing       | |  1.7
Dodging        | |  2.4

Action                   |  1- 3 |  4- 6 |  7- 9 || total
-------------------------+-------+-------+-------++-------
Melee: Flail             |    78 |   138 |    86 ||   302
       Morningstar       |       |       |    41 ||    41
Throw: Throwing net      |       |       |     1 ||     1
 Abil: Spit Poison       |     4 |    14 |    21 ||    39
  Eat: Chunk             |       |     5 |     7 ||    12
Armor: Leather armour    |    45 |    55 |    42 ||   142
Dodge: Dodged            |    57 |    85 |    77 ||   219
